 Dungeon Crawl Stone Soup version 0.31.0-12-g77e489cdc1 (webtiles) character file.

Game seed: 6703245568150862940

149 PaiMei the Grave Robber (level 5, -6/38 HPs)
             Began as a Demonspawn Necromancer on Mar 6, 2024.
             Killed from afar by an orc wizard (10 damage)
             ... with a puff of flame
             ... on level 3 of the Dungeon.
             The game lasted 00:03:32 (2476 turns).

PaiMei the Grave Robber (Demonspawn Necromancer)    Turns: 2476, Time: 00:03:33

Health: -6/38      AC:  3    Str:  8    XL:     5   Next: 9%
Magic:  8/9        EV: 12    Int: 18    God:
Gold:   73         SH:  0    Dex: 13    Spells: 9/10 levels left

rFire   . . .        i - +0 quarterstaff
rCold   . . .        (shield currently unavailable)
rNeg    . . .        a - +0 robe
rPois   .            e - +0 helmet
rElec   .            (no cloak)
rCorr   .            (no gloves)
SInv    .            (no boots)
Will    .....        (no amulet)
Stlth   ++           (no ring)
HPRegen 0.26/turn    (no ring)
MPRegen 0.11/turn

%: no passive effects
@: no status effects
A: powered by pain 1, demonic magic 1
a: no special abilities


You were on level 3 of the Dungeon.
You visited 1 branch of the dungeon, and saw 3 of its levels.

You collected 73 gold pieces.

Inventory:

Hand Weapons
 d - a +0 dagger
 i - a +0 quarterstaff (weapon)
Armour
 a - a +0 robe (worn)
 e - a +0 helmet (worn)
Jewellery
 n - a ring of protection from cold
Wands
 q - a wand of digging (8)
Scrolls
 c - a scroll of vulnerability {unknown}
 f - a scroll of revelation {unknown}
 g - a scroll of fear {unknown}
 h - a scroll of brand weapon {unknown}
 j - a scroll of poison {unknown}
 m - a scroll of teleportation {unknown}
 p - a scroll of immolation {unknown}
Potions
 b - a potion of magic
 k - a potion of attraction {unknown}
 l - a potion of brilliance {unknown}
 o - 2 potions of resistance {unknown}


   Skills:
 + Level 1.7 Fighting
 + Level 2.8 Dodging
 - Level 2.1 Stealth
 + Level 3.0 Spellcasting
 + Level 5.2 Necromancy


You had 9 spell levels left.
You knew the following spells:

 Your Spells              Type           Power      Damage    Failure   Level
a - Necrotise             Necr           84%        1d8       1%          1

Your spell library contained the following spells:

 Spells                   Type           Power      Damage    Failure   Level
 Vampiric Draining        Necr           21%        2d7       6%          3
 Animate Dead             Necr           21%        N/A       19%         4
 Curse of Agony           Necr           21%        N/A       47%         5


Dungeon Overview and Level Annotations

Branches:
Dungeon (3/15)

Altars:


Innate Abilities, Weirdness & Mutations

You sometimes gain a little power by taking damage.
Spells you cast may paralyse adjacent enemies.


Message History

Confirm with . or Enter, or press ? or * to list all spells.
You can't see any susceptible monsters within range! (Use Z to cast anyway.)
Casting: Necrotise (safe; 1% risk of failure)
Confirm with . or Enter, or press ? or * to list all spells.
You can't see any susceptible monsters within range! (Use Z to cast anyway.)
Casting: Necrotise (safe; 1% risk of failure)
Confirm with . or Enter, or press ? or * to list all spells.
You can't see any susceptible monsters within range! (Use Z to cast anyway.)
Casting: Necrotise (safe; 1% risk of failure)
Confirm with . or Enter, or press ? or * to list all spells.
You can't see any susceptible monsters within range! (Use Z to cast anyway.)
A magic dart appears from out of thin air!
The magic dart hits you.
Your orc priest skeleton hits something but does no damage.
A magic dart appears from out of thin air!
The magic dart hits you!
Your orc priest skeleton closely misses something.
A magic dart appears from out of thin air!
The magic dart hits you.
A magic dart appears from out of thin air!
The magic dart hits you!
* * * LOW HITPOINT WARNING * * *
You start resting.
There is a strange disturbance nearby!
You are confused.
You're too confused to move!
You bump into the rock wall.
Something hits you.
* * * LOW HITPOINT WARNING * * *
Something hits you but does no damage.
You completely miss something.
You hear some strange, mumbled words.
A magic dart appears from out of thin air!
The magic dart hits you!
* * * LOW HITPOINT WARNING * * *
You bump into the rock wall.
You feel less confused.
You hear some strange, mumbled words.
A puff of flame appears from out of thin air!
The puff of flame hits you!
You die...

######### #.......#
#########.#####.#
.......##.# #.##
..####....# #{.# ..#
#.##.# #.@#
.#####.##.#####..########
.......##...............#
.##########......######.#
.# ##.###.# #.# .#####
### #.# #.# .))..## #.#
#o# .###..## #.# #Z#
.......###### #.# #.#


There were no monsters in sight!

Vanquished Creatures
  An orc priest (D:3)
  2 adders (D:2)
  5 gnolls
  3 dart slugs
  A ribbon worm (D:2)
  An orc (D:3)
  3 bats
  3 endoplasms
  3 hobgoblins
  2 kobolds (D:1)
  A quokka (D:1)
  4 ball pythons
  6 frilled lizards
  5 rats
40 creatures vanquished.

Vanquished Creatures (collateral kills)
  A gnoll (D:3)
  A goblin (D:1)
  A kobold (D:2)
  A rat (D:2)
4 creatures vanquished.

Grand Total: 44 creatures vanquished

Notes
Turn   | Place    | Note
-------+----------+-------------------------------------------
     0 | D:1      | PaiMei the Demonspawn Necromancer began the quest for the
                  | Orb.
     0 | D:1      | Reached XP level 1. HP: 13/13 MP: 3/3
   215 | D:1      | Found a faded altar of an unknown god.
   325 | D:1      | Gained mutation: Spells you cast may paralyse adjacent
                  | enemies. [demonic ancestry]
   325 | D:1      | Reached XP level 2. HP: 19/19 MP: 3/5
  1386 | D:2      | Gained mutation: You sometimes gain a little power by
                  | taking damage. [demonic ancestry]
  1386 | D:2      | Reached XP level 3. HP: 25/25 MP: 0/6
  1713 | D:2      | Reached skill level 1 in Fighting
  1725 | D:2      | Reached XP level 4. HP: 32/32 MP: 2/7
  1912 | D:2      | Reached skill level 5 in Necromancy
  2420 | D:3      | Reached XP level 5. HP: 38/38 MP: 4/9
  2476 | D:3      | Killed from afar by an orc wizard

Illustrated notes

Levels and vault maps discovered:
D:1:      dpeg_arrival_round_b, layout_loops_ring,
          shapermc_ecumenical_altar_flowoftime, minmay_stone_trees_small
D:2:      layout_loops_ring
D:3:      layout_loops_ring, mainiacjoe_overflow_boulevard,
          uniq_crazy_yiuf_cottage, uniq_sigmund

Skill      XL: |  1  2  3  4 |
---------------+-------------+-----
Stealth        | 2 |  2.1
Dodging        | 2 |  2.8
Fighting       | 1 |  1.7
Necromancy     | 5 |  5.2
Spellcasting   | 3 |  3.0

Action                     |  1- 3 |  4- 6 || total
---------------------------+-------+-------++-------
  Melee: Quarterstaff      |     1 |    14 ||    15
         Dagger            |     1 |       ||     1
   Cast: Necrotise         |    65 |    28 ||    93
   Stab: Paralysed         |     1 |       ||     1
 Armour: Robe              |     9 |    20 ||    29
  Dodge: Dodged            |     3 |    10 ||    13
